 Dungeon Crawl Stone Soup version 0.31-a0-214-gb37851dbb3 (webtiles) character file.

Game seed: 12623606294086037151

146 qw the Shooter (level 5, 0/30 HPs)
             Began as a Gargoyle Hexslinger on July 1, 2023.
             Slain by a black bear (4 damage)
             ... on level 3 of the Dungeon.
             The game lasted 00:00:53 (2100 turns).

qw the Shooter (Gargoyle Hexslinger)                Turns: 2100, Time: 00:00:54

Health: 0/30       AC: 10    Str: 11    XL:     5   Next: 28%
Magic:  6/6        EV: 10    Int: 14    God:
Gold:   149        SH:  0    Dex: 14    Spells: 5/6 levels left

rFire   . . .        Y - +2 sling
rCold   . . .        (no shield)
rNeg    + . .        d - +0 ring mail
rPois   inf          (no helmet)
rElec   +            c - +0 cloak
rCorr   .            (no gloves)
SInv    .            (no boots)
Will    .....        (no amulet)
Stlth   +            (no ring)
HPRegen 0.25/turn    (no ring)
MPRegen 0.10/turn

%: no passive effects
@: mighty
A: sickness immunity, AC +4, negative energy resistance 1, electricity
resistance, torment resistance 1, petrification resistance
a: no special abilities


You were on level 3 of the Dungeon.
You visited 1 branch of the dungeon, and saw 4 of its levels.

You collected 149 gold pieces.


Innate Abilities, Weirdness & Mutations

You are immune to sickness and miasma.
Your stone body is resilient. (AC +4)
You are immune to poison.
You resist negative energy. (rN+)
You are resistant to electric shocks. (rElec)
You are resistant to unholy torment.
You are immune to petrification.


   Skills:
 - Level 2.0 Fighting
 + Level 4.7 Ranged Weapons
 - Level 1.5 Armour
 - Level 1.5 Dodging
 - Level 1.0 Spellcasting
 - Level 2.6 Hexes


You had 5 spell levels left.
You knew the following spells:

 Your Spells              Type           Power      Damage    Failure   Level
a - Slow                  Hex            32%        N/A       21%         1

Your spell library contained the following spells:

 Spells                   Type           Power      Damage    Failure   Level
 Inner Flame              Hex/Fire       4%         N/A       71%         3
 Portal Projectile        Hex/Tloc       8%         N/A       71%         3
 Cause Fear               Hex            4%         N/A       90%         4

Inventory:

Hand Weapons
 Y - a +2 sling (weapon)
Armour
 c - a +0 cloak (worn)
 d - a +0 ring mail (worn)
Potions
 b - a potion of invisibility {unknown}
 e - 2 potions of curing
 g - 2 potions of might

Dungeon Overview and Level Annotations

Branches:
Dungeon (4/15)
 Temple: D:4-7

Altars:

Annotations:
D:3 Blork the orc


Message History

2095 ||| STAIRDANCE The black bear bites you.
The black bear claws you.
The black bear claws you but does no damage.
Blork the orc closely misses you.
You climb upwards.
There is a stone staircase leading down here.
Enter note:
Enter note:
Enter note:
Enter note:
Enter note:
Enter note:
Enter note:
Enter note:
Enter note: You shoot a sling bullet.
The sling bullet hits the black bear.
The black bear is moderately wounded.
Blork the orc barely misses you. The black bear bites you.
The black bear claws you but does no damage. x2
You shoot a sling bullet.
The sling bullet hits the black bear but does no damage.
The black bear is moderately wounded.
Blork the orc gestures at you while chanting.
The magic dart hits you but does no damage.
The black bear bites you. The black bear closely misses you. x2
You shoot a sling bullet. The sling bullet hits the black bear!
The black bear is heavily wounded.
Blork the orc mumbles some strange words.
Blork the orc seems to speed up.
The black bear closely misses you.
The black bear claws you but does no damage.
The black bear barely misses you.
Blork the orc hits you but does no damage.
The black bear bites you but does no damage.
The black bear barely misses you.
The black bear claws you but does no damage.
You shoot a sling bullet. The sling bullet hits the black bear!
The black bear is almost dead.
Blork the orc hits you with a +0 mace. The black bear bites you.
The black bear claws you.
You die...

........# #..........#.###...###
../.....###............#....##
)...............?....##....##
.....................##..###
#...................#....#
.......................###
....%......##.........##
#.......##.##....h..###
#..............o@...# ##########
..#)######..#.......# #........#
.##.# #........### #........#
###.# ###..##......# #........#
#...####....##...##.# #........#
..###......##...###.# #........#
.###....#..##...# #.## #........#
##.....#...##..####..###.......[#
...<)..%...##...................#


You could see Blork the orc (fast, empowered) and a black bear.

Vanquished Creatures
  Jessica (D:2)
  An orc wizard (D:3)
  2 adders (D:2)
  A worm (D:3)
  4 dart slugs
  6 orcs
  5 endoplasms
  2 giant cockroaches (D:2)
  5 goblins
  4 hobgoblins
  2 jackals (D:2)
  2 quokkas
  4 ball pythons
  6 bats
  2 frilled lizards (D:1)
  6 kobolds
  7 rats
60 creatures vanquished.

Notes
Turn   | Place    | Note
-------+----------+-------------------------------------------
     0 | D:1      | qw the Gargoyle Hexslinger began the quest for the Orb.
     0 | D:1      | Reached XP level 1. HP: 12/12 MP: 2/2
     0 | D:1      | 0 ||| qw: Version: 0.3-a-32-g5962c71
     0 | D:1      | 0 ||| qw: Game counter: 7668
     0 | D:1      | 0 ||| qw: Melee chars always use a shield: true
     0 | D:1      | 0 ||| qw: God list: Okawaru
     0 | D:1      | 0 ||| qw: Allow faded altars: false
     0 | D:1      | 0 ||| qw: Do Orc after clearing Dungeon:15 true
     0 | D:1      | 0 ||| qw: Do second Lair branch before Depths: true
     0 | D:1      | 0 ||| qw: Lair rune preference: random
     0 | D:1      | 0 ||| qw: Goals: Normal
     0 | D:1      | 0 ||| PLANNING D:1-11
    30 | D:1      | 30 ||| FLEEEEING.
    52 | D:1      | Reached XP level 2. HP: 16/16 MP: 3/3
   116 | D:1      | Found a faded altar of an unknown god.
   132 | D:1      | Reached skill level 3 in Ranged Weapons
   630 | D:1      | 630 ||| UPGRADING to +0 ring mail.
   640 | D:1      | 640 ||| DROPPING +0 robe.
   641 | D:1      | 641 ||| READING scroll labelled YJYOHIGEGGUKK.
   642 | D:1      | 642 ||| READING scroll labelled VEVOIMU HIOLU.
   643 | D:1      | 643 ||| READING scroll labelled QIETRI YLAGU.
   644 | D:1      | 644 ||| DROPPING scroll of poison.
   657 | D:2      | Reached XP level 3. HP: 21/21 MP: 4/4
  1079 | D:2      | Reached XP level 4. HP: 22/26 MP: 5/5
  1302 | D:2      | Reached skill level 4 in Ranged Weapons
  1306 | D:2      | Noticed Jessica
  1314 | D:2      | Killed Jessica
  1315 | D:2      | Reached skill level 1 in Armour
  1524 | D:2      | 1524 ||| READING scroll labelled VAPUMA FAELU.
  1525 | D:2      | 1525 ||| DRINKING 3 ruby potions.
  1638 | D:3      | Reached XP level 5. HP: 14/30 MP: 6/6
  1742 | D:3      | 1742 ||| FLEEEEING.
  1744 | D:3      | 1744 ||| FLEEEEING.
  1747 | D:3      | 1747 ||| FLEEEEING.
  1752 | D:3      | 1752 ||| FLEEEEING.
  2062 | D:3      | 2062 ||| UPGRADING to +0 cloak.
  2067 | D:3      | 2067 ||| DROPPING scarf of harm.
  2068 | D:3      | 2068 ||| READING scroll labelled SILISK ZOUPNAH.
  2069 | D:3      | 2069 ||| READING scroll labelled FIMNIDAPLU.
  2070 | D:3      | 2070 ||| DRINKING 3 clear potions.
  2090 | D:4      | Noticed Blork the orc
  2090 | D:4      | Noticed a black bear
  2095 | D:4      | 2095 ||| STAIRDANCE
  2100 | D:3      | HP: 6/30 [Blork the orc/+0 mace (6)]
  2100 | D:3      | Slain by a black bear

Levels and vault maps discovered:
D:1:      scummos_arrival_hexagon, layout_loops_ring,
          ebering_ecumenical_altar_webs
D:2:      layout_loops_corners, minmay_misc_feat_roman, minmay_strange_pillars,
          guppyfry_early_orc_mine, uniq_jessica
D:3:      layout_rooms
D:4:      layout_cave_pools, mainiacjoe_overflow_surrounded_room,
          mainiacjoe_overflow_paths, mainiacjoe_overflow_boulevard,
          chequers_serial_rivers_large_b, hangedman_decor_lopped,
          uniq_blork_the_orc

Skill      XL: |  1  2  3  4 |
---------------+-------------+-----
Ranged Weapons | 3 4 |  4.7
Fighting       | 2 |  2.0
Armour         | 1 |  1.5
Dodging        | |  1.5
Spellcasting   | |  1.0
Hexes          | |  2.6

Action                     |  1- 3 |  4- 6 || total
---------------------------+-------+-------++-------
   Fire: Sling             |    95 |   112 ||   207
    Use: Scroll            |     3 |     3 ||     6
         Potion            |       |     2 ||     2
 Armour: Robe              |     7 |       ||     7
         Ring mail         |    22 |    72 ||    94
  Dodge: Dodged            |    24 |    58 ||    82

Table legend:
 A = Non-vault XP
 B = Vault XP
 C = Vault XP percentage of total XP
 D = Non-vault monster count
 E = Vault monster count
 F = Vault count percentage of total count
                 A         B        C        D         E       F
            +---------+---------+-------+---------+---------+-------
      Total |     155 |      54 |  25.8 |      52 |       8 |  13.3
            +---------+---------+-------+---------+---------+-------
        D:1 |      33 |       0 |   0.0 |      18 |       0 |   0.0
        D:2 |      43 |      54 |  55.7 |      13 |       8 |  38.1
        D:3 |      79 |       0 |   0.0 |      21 |       0 |   0.0
            +---------+---------+-------+---------+---------+-------
